 Dungeon Crawl Stone Soup version 0.26.0-16-gc1dbca0489 (webtiles) character file.

Game seed: 1875535845406248207

398 thiole the Sneak (level 6, 0/36 HPs)
             Began as an Octopode Hedge Wizard on Jan 20, 2021.
             Killed from afar by an orc wizard (8 damage)
             ... with a magic dart
             ... on level 5 of the Dungeon.
             The game lasted 00:06:40 (4049 turns).

thiole the Sneak (Octopode Hedge Wizard)            Turns: 4049, Time: 00:06:40

Health: 0/36       AC:  1    Str: 10    XL:     6   Next: 83%
Magic:  13/13      EV: 13    Int: 18    God:
Gold:   126        SH:  0    Dex: 11    Spells: 14/15 levels left

rFire    . . .     SeeInvis .   a - +0 dagger
rCold    . . .     Faith    .   (no shield)
rNeg     . . .     Spirit   .   b - +0 hat
rPois    .         Reflect  .   (no amulet)
rElec    .         Harm     .   (no ring)
rCorr    .         Rampage  .   (no ring)
Will     +....                  (no ring)
Stlth    ++++......             (no ring)
HPRegen  0.12/turn              (no ring)
MPRegen  0.13/turn              (no ring)
                                (no ring)
                                (no ring)

@: no status effects
A: almost no armour, stealthy swim, amphibious, 8 rings, constrict 8, camouflage
1, strong-willed 1, gelatinous body 1, no potion heal 1
a: no special abilities


You were on level 5 of the Dungeon.
You visited 1 branch of the dungeon, and saw 5 of its levels.

You collected 126 gold pieces.

Inventory:

Hand Weapons
 a - a +0 dagger (weapon)
Armour
 b - a +0 hat (worn)
Jewellery
 f - an uncursed amulet of reflection {unknown}
 g - a cursed amulet of inaccuracy {unknown}
 n - a cursed ring of attention {unknown}
 o - an uncursed amulet of magic regeneration {unknown}
Wands
 q - a wand of flame (10)
Scrolls
 c - 4 scrolls of blinking {unknown}
 d - 4 scrolls of remove curse {unknown}
 e - 3 scrolls of identify {unknown}
 h - 3 scrolls of amnesia {unknown}
 i - a scroll of fog {unknown}
 k - a scroll of random uselessness {unknown}
 l - 2 scrolls of enchant armour {unknown}
Potions
 m - a potion of flight
 p - a potion of degeneration {unknown}


   Skills:
 - Level 2.0 Dodging
 + Level 6.8 Stealth
 + Level 5.0 Spellcasting
 - Level 2.0 Conjurations
 - Level 2.0 Summonings
 - Level 1.0 Translocations


You had 14 spell levels left.
You knew the following spells:

 Your Spells              Type           Power        Failure   Level
a - Magic Dart            Conj           44%          6%          1

Your spell library contained the following spells:

 Spells                   Type           Power        Failure   Level
 Call Imp                 Summ           11%          9%          2
 Blink                    Tloc           N/A          13%         2
 Slow                     Hex            4%           21%         2
 Conjure Flame            Conj/Fire      8%           26%         3
 Mephitic Cloud           Conj/Pois/Air  6%           30%         3


Dungeon Overview and Level Annotations

Branches:
Dungeon (5/15)
 Temple: D:4-7

Altars:
Qazlal
Uskayaw
Zin

Annotations:
D:4 Menkaure


Innate Abilities, Weirdness & Mutations

You cannot wear most types of armour.
You are very stealthy in the water. (Stealth+)
You are amphibious.
You can wear up to eight rings at the same time.
You can use your tentacles to constrict eight enemies at once.
Your skin changes colour to match your surroundings (Stealth+).
Your rubbery body absorbs attacks. (AC +1, EV +1)
You are strong-willed. (Will+)
Potions are less effective at restoring your health.


Message History

The orc wizard is severely wounded.
Aiming: Throw Flame
Press: ? - help, Shift-Dir - straight line, f/p - orc wizard
Aim: an orc wizard, wielding a +0 dagger and wearing a +0 robe (severely wounded, 40% to evade)
The puff of flame hits the orc wizard.
The orc wizard is almost dead.
Aiming: Throw Flame
Press: ? - help, Shift-Dir - straight line, f/p - orc wizard
Aim: an orc wizard, wielding a +0 dagger and wearing a +0 robe (almost dead, 40% to evade)
The puff of flame hits the bullfrog skeleton.
The bullfrog skeleton is lightly damaged.
The bullfrog skeleton barely misses you.
Aiming: Throw Flame
Press: ? - help, Shift-Dir - straight line, f/p - orc wizard
Aim: an orc wizard, wielding a +0 dagger and wearing a +0 robe (almost dead, 40% to evade)
The puff of flame misses the orc wizard.
The bullfrog skeleton barely misses you.
The orc wizard points at you and mumbles some strange words.
The magic dart hits you!
You die...

. ##. ##.# ##..#
#...# .. #...##
....# #..o##
##........o
#@Z.####..........
##....#...$.......
#................
##).......#......
###......#..#......
#.......##.....# ..
##..?.#..#.....##..
#...####)#....#...
##..##.#.##....o..


You could see an orc wizard and a bullfrog skeleton.

Vanquished Creatures
  Eustachio (D:5)
  A howler monkey (D:4)
  A bullfrog zombie (D:5)
  An orc priest (D:5)
  An iguana (D:4)
  5 adders
  An ooze (D:3)
  2 worms
  3 dart slugs
  2 leopard geckos (D:3)
  6 orcs (D:5)
  4 giant cockroaches
  A goblin (D:1)
  7 hobgoblins
  6 jackals
  4 kobolds
  7 bats
  5 frilled lizards (D:1)
  6 rats
64 creatures vanquished.

Notes
Turn   | Place    | Note
-------+----------+-------------------------------------------
     0 | D:1      | thiole the Octopode Hedge Wizard began the quest for the
                  | Orb.
     0 | D:1      | Reached XP level 1. HP: 11/11 MP: 4/4
   100 | D:1      | Reached XP level 2. HP: 9/17 MP: 3/6
   456 | D:1      | Reached skill level 3 in Stealth
   815 | D:1      | You fall into a shaft and drop 1 floor!
   921 | D:1      | Reached XP level 3. HP: 17/21 MP: 5/7
  2205 | D:2      | Reached XP level 4. HP: 20/27 MP: 6/9
  2386 | D:3      | Reached skill level 4 in Stealth
  2588 | D:3      | Found a hide-covered altar of Uskayaw.
  2588 | D:3      | Found a glowing silver altar of Zin.
  2597 | D:3      | Found a stormy altar of Qazlal.
  2697 | D:4      | Gained mutation: Potions are less effective at restoring
                  | your health. [potion of mutation]
  2697 | D:4      | Gained mutation: You are strong-willed. (Will+) [potion of
                  | mutation]
  2887 | D:4      | Reached XP level 5. HP: 31/31 MP: 5/10
  2895 | D:4      | Reached skill level 5 in Stealth
  3354 | D:4      | Noticed Menkaure
  3372 | D:5      | Entered Level 5 of the Dungeon
  3532 | D:5      | Reached XP level 6. HP: 9/36 MP: 8/12
  3808 | D:5      | Noticed Eustachio
  3840 | D:5      | Killed Eustachio
  3841 | D:5      | Reached skill level 6 in Stealth
  3841 | D:5      | Reached skill level 5 in Spellcasting
  4049 | D:5      | Killed from afar by an orc wizard

Illustrated notes

Levels and vault maps discovered:
D:1:      minmay_arrival_nine_rooms, layout_loops_ring,
          minmay_misc_feat_diagonals, grunt_decor_one_mirror
D:2:      layout_loops_cross, nicolae_gozag_zags_fifth_avenue
D:3:      layout_basic, nicolae_overflow_hidden_temple,
          chequers_serial_rivers_small_a, fedhas_altar_2
D:4:      layout_loops_cross, uniq_menkaure
D:5:      layout_layer_cave, uniq_grinder, uniq_eustachio, uniq_ijyb

Skill      XL: |  1  2  3  4  5  6 |
---------------+-------------------+-----
Stealth        | 3 4 5 6 |  6.8
Conjurations   | 2 |  2.0
Summonings     | 2 |  2.0
Spellcasting   | 4 5 |  5.0
Dodging        | |  2.0
Translocations | |  1.0

Action                   |  1- 3 |  4- 6 || total
-------------------------+-------+-------++-------
Melee: Dagger            |    69 |    94 ||   163
       Constrict         |    20 |    19 ||    39
       Tentacles         |     9 |    19 ||    28
 Cast: Magic Dart        |    68 |    37 ||   105
Evoke: Wand              |       |     6 ||     6
  Use: Potion            |       |     5 ||     5
 Stab: Sleeping          |       |     2 ||     2
Armor: Skin              |     6 |     2 ||     8
Dodge: Dodged            |    38 |    53 ||    91
